 Dungeon Crawl Stone Soup version 0.24-a0-263-gbee43f9 (webtiles) character file.

Game seed: 2346074846957315286

24 Ratty the Grave Robber (level 2, -2/15 HPs)
             Began as a Deep Elf Necromancer on Apr 19, 2019.
             Slain by a hobgoblin
             ... wielding a +0 club
              (6 damage)
             ... on level 1 of the Dungeon.
             The game lasted 00:01:53 (986 turns).

Ratty the Grave Robber (Deep Elf Necromancer)        Turns: 986, Time: 00:01:54

Health: -2/15      AC:  2    Str:  5    XL:     2   Next: 79%
Magic:  0/9        EV: 10    Int: 19    God:
Gold:   43         SH:  6    Dex: 15    Spells: 7/9 levels left

rFire    . . .     SeeInvis .   (no weapon)
rCold    . . .     Gourm    .   c - +0 shield
rNeg     . . .     Faith    .   a - +0 robe
rPois    .         Spirit   .   (no helmet)
rElec    .         Reflect  .   (no cloak)
rCorr    .         Harm     .   (no gloves)
MR       .....                  (no boots)
Stlth    ++........             (no amulet)
HPRegen  0.05/turn              (no ring)
MPRegen  0.11/turn              (no ring)

@: very slightly contaminated
A: no striking features
a: no special abilities


You were on level 1 of the Dungeon.
You were not hungry.

You visited 1 branch of the dungeon, and saw 1 of its levels.

You collected 43 gold pieces.

Inventory:

Armour
 a - a +0 robe (worn)
 c - a +0 shield (worn)
Scrolls
 d - a scroll of blinking {unknown}
 e - a scroll of identify {unknown}
Comestibles
 b - 4 chunks of flesh
 z - 2 rations


   Skills:
 - Level 2.4 Dodging
 - Level 2.4 Stealth
 + Level 0.7 Shields
 * Level 4.0 Spellcasting
 + Level 5.1 Necromancy


You had 7 spell levels left.
You knew the following spells:

 Your Spells              Type           Power        Failure   Level  Hunger
a - Pain                  Necr           ###.         11%         1    None
s - Animate Skeleton      Necr           N/A          11%         1    None

Your spell library contained the following spells:

 Spells                   Type           Power        Failure   Level  Hunger
 Vampiric Draining        Necr           ###.......   32%         3    ###....
 Regeneration             Chrm/Necr      ##........   67%         3    ###....
 Animate Dead             Necr           N/A          71%         4    ####...


Dungeon Overview and Level Annotations

Branches:
Dungeon (1/15)

Altars:
Makhleb
Nemelex Xobeh
Xom


Message History

Aim: a dart slug (heavily wounded, clinging, chance to defeat MR: 92%)
The dart slug writhes in agony.
The bat hits your rat skeleton.
Your rat skeleton bites the dart slug.
Casting: Pain (safe; 11% risk of failure)
Confirm with . or Enter, or press ? or * to list all spells.
Aiming: Pain (safe; 11% risk of failure)
Press: ? - help, Shift-Dir - straight line, f/p - dart slug
Aim: a dart slug (severely wounded, clinging, chance to defeat MR: 92%)
The dart slug writhes in agony!
You kill the dart slug!
Your Spellcasting skill increases to level 4!
The bat completely misses you.
Casting: Pain (safe; 11% risk of failure)
Confirm with . or Enter, or press ? or * to list all spells.
Aiming: Pain (safe; 11% risk of failure)
Press: ? - help, Shift-Dir - straight line, f - bat
Aim: a bat (chance to defeat MR: 92%)
The bat writhes in agony.
The bat closely misses you. The bat hits your rat skeleton.
The hobgoblin hits you with a +0 club.
You die...

###### ########...(#
#......#....#########
#...b..'Z...'........
#....Z.#....#########
#...@g(######
######.# ##### #.K.
#.... #w.... #....
#....... #....
#....... #####
#.####.. #.# ..


You could see a hobgoblin, a bat, a kobold, a friendly rat skeleton and a
friendly kobold skeleton.

Vanquished Creatures
  A dart slug (D:1)
  2 ball pythons (D:1)
  A giant cockroach (D:1)
  2 goblins (D:1)
  2 hobgoblins (D:1)
  3 kobolds (D:1)
  3 bats (D:1)
  A frilled lizard (D:1)
  3 rats (D:1)
18 creatures vanquished.

Vanquished Creatures (collateral kills)
  An ooze (D:1)
1 creature vanquished.

Grand Total: 19 creatures vanquished

Notes
Turn   | Place    | Note
-------+----------+-------------------------------------------
     0 | D:1      | Ratty the Deep Elf Necromancer began the quest for the Orb.
     0 | D:1      | Reached XP level 1. HP: 10/10 MP: 6/6
     2 | D:1      | Learned a level 1 spell: Animate Skeleton
   195 | D:1      | Reached skill level 5 in Necromancy
   242 | D:1      | Reached XP level 2. HP: 7/15 MP: 4/8
   866 | D:1      | Found a sparkling altar of Nemelex Xobeh.
   868 | D:1      | Found a stormy altar of Qazlal.
   868 | D:1      | Found a sparkling altar of Nemelex Xobeh.
   872 | D:1      | Found a shimmering altar of Xom.
   872 | D:1      | Found a burning altar of Makhleb.
   872 | D:1      | Found a hide-covered altar of Uskayaw.
   986 | D:1      | Slain by a hobgoblin

Levels and vault maps discovered:
D:1:      tarquinn_simple_flora_water_f, layout_basic, doesnt_xom_only_xom

Skill      XL: |  1  2 |
---------------+-------+-----
Necromancy     | 5 |  5.1
Spellcasting   | 4 |  4.0
Dodging        | |  2.4
Stealth        | |  2.4
Shields        | |  0.7

Action                   || total
-------------------------++-------
 Cast: Pain              ||    34
       Animate Skeleton  ||     8
Armor: Robe              ||     1
Dodge: Dodged            ||    10

Table legend:
 A = Non-vault XP
 B = Vault XP
 C = Vault XP percentage of total XP
 D = Non-vault monster count
 E = Vault monster count
 F = Vault count percentage of total count
                 A         B        C        D         E       F
            +---------+---------+-------+---------+---------+-------
      Total |      35 |       0 |   0.0 |      19 |       0 |   0.0
            +---------+---------+-------+---------+---------+-------
        D:1 |      35 |       0 |   0.0 |      19 |       0 |   0.0
            +---------+---------+-------+---------+---------+-------
